 Dungeon Crawl Stone Soup version 0.18-a0-1747-g18c4181 (webtiles) character file.

646494 inmateoo the Skullcrusher (level 27, -8/249 HPs)
             Began as a Minotaur Necromancer on Apr 12, 2016.
             Was the Champion of the Shining One.
             Mangled by a phantasmal warrior (9 damage)
             ... summoned by a mummy priest
             ... on level 2 of the Tomb of the Ancients.
             The game lasted 02:19:30 (74526 turns).

inmateoo the Skullcrusher (Minotaur Necromancer)   Turns: 74526, Time: 02:19:31

Health: -8/249     AC: 31    Str: 23      XL:     27
Magic:  48/48      EV:  2    Int:  9      God:    the Shining One [******]
Gold:   6382       SH:  0    Dex: 15 (16) Spells: 3 memorised, 27 levels left

rFire  + + +     SeeInvis +     B - +9 eveningstar (holy)
rCold  + + .     Gourm    .     a - +4 chain mail {rC+}
rNeg   + + +     Faith    +     K - +2 shield of Resistance {rF+ rC+ MR+}
rPois  ∞         Spirit   .     d - +1 hat
rElec  +         Dismiss  .     U - +0 cloak of Weirdness {Regen+ MP+9 Int-5}
rCorr  .         Reflect  .     p - +0 pair of gloves of Sloth {rN+ MR+}
SustAt .         Harm     .     A - +2 pair of boots {run}
MR     +++..     Rnd*Tele +     S - amulet "Kepa" {Faith MR++}
Stlth  ..........               J - ring "Xewoiziy" {rElec rPois rF+++ rN+ Int+2}
                                C - +5 ring of slaying

@: petrified, vulnerable, slowed, glowing, studying Translocations, quick,
extremely resistant to hostile enchantments, extremely unstealthy
A: retaliatory headbutt, horns 2, talons 1, yellow scales 1, see invisible,
agile 1, high mp 1, magic resistance 1, shaggy fur 1, electricity resistance,
teleportitis 2, subdued magic 2
a: Divine Shield, Cleansing Flame, Summon Divine Warrior, Renounce Religion
}: 3/15 runes: barnacled, silver, gossamer


You were on level 2 of the Tomb of the Ancients.
You worshipped the Shining One.
The Shining One was exalted by your worship.
You were full.

You visited 11 branches of the dungeon, and saw 52 of its levels.
You also visited: Labyrinth, Sewer and Ice Cave.

You collected 9047 gold pieces.
You spent 2665 gold pieces at shops.

Inventory:

Hand Weapons
 s - the +6 war axe of Excruciating Pain {holy, rPois Str+4 Dex-3 SInv}
   (You found it on level 6 of the Lair of Beasts)

   It has been blessed by the Shining One to cause great damage to the undead
   and demons.
   It affects your strength (+4).
   It affects your dexterity (-3).
   It protects you from poison.
   It lets you see invisible.
 B - a +9 eveningstar of holy wrath (weapon)
Armour
 a - a +4 chain mail of cold resistance (worn)
 d - a +1 hat (worn)
 p - the +0 pair of gloves of Sloth (worn) {rN+ MR+}
   (Okawaru gifted it to you on level 5 of the Vaults)

   It protects you from negative energy.
   It affects your resistance to hostile enchantments.
 A - a +2 pair of boots of running (worn)
 K - the +2 shield of Resistance (worn) {rF+ rC+ MR+}
   (You found it on level 5 of the Depths)

   It protects you from fire.
   It protects you from cold.
   It affects your resistance to hostile enchantments.
 U - the +0 cloak of Weirdness (worn) {Regen+ MP+9 Int-5}
   (Okawaru gifted it to you on level 1 of the Depths)

   It affects your intelligence (-5).
   It affects your magic capacity (+9).
   It increases your rate of regeneration.
Jewellery
 m - an uncursed ring of resist corrosion
 C - a +5 ring of slaying (left hand)
 G - an uncursed ring of protection from magic {unknown}
 J - the ring "Xewoiziy" (right hand) {rElec rPois rF+++ rN+ Int+2}
   (You found it on level 5 of the Vaults)

   [ring of poison resistance]

   It affects your intelligence (+2).
   It renders you almost immune to fire.
   It insulates you from electricity.
   It protects you from poison.
   It protects you from negative energy.
 N - an uncursed ring of protection from cold
 S - the amulet "Kepa" (around neck) {Faith MR++}
   (You found it on level 1 of the Depths)

   [amulet of faith]

   It allows you to gain divine favour quickly.
   It affects your resistance to hostile enchantments.
Wands
 b - a wand of digging (2/24)
 e - a wand of disintegration (3/24)
 j - a wand of disintegration (17/24)
 y - a wand of digging (11/24)
 Q - a wand of heal wounds (5/9)
Scrolls
 f - 7 scrolls of recharging
 g - 6 scrolls of fog
 h - 5 scrolls of identify
 k - 2 scrolls of blinking
 l - a scroll of enchant armour
 q - 10 scrolls of fear
 x - 5 scrolls of teleportation
 z - 27 scrolls of remove curse
 E - 2 scrolls of holy word
 F - a scroll of silence
 H - a scroll of brand weapon
 L - 6 scrolls of magic mapping
 R - 6 scrolls of amnesia
Potions
 i - 2 potions of cure mutation
 o - 4 potions of flight
 r - 5 potions of magic
 t - 2 potions of agility
 u - a potion of berserk rage
 v - 5 potions of lignification
 w - 7 potions of cancellation
 D - 15 potions of curing
 I - 6 potions of ambrosia
 M - 3 potions of might
 P - 6 potions of brilliance
 W - 4 potions of resistance
Books
 O - a manual of Translocations
Comestibles
 c - 31 bread rations
 T - 7 meat rations


   Skills:
 + Level 20.9 Fighting
 - Level 3.8(19.0) Axes
 O Level 27 Maces & Flails
 + Level 20.3 Armour
 + Level 18.5 Dodging
 - Level 1.5 Stealth
 + Level 19.3 Shields
 + Level 9.9 Spellcasting
   Level 2.9 Necromancy
 + Level 11.5 Transmutations
 + Level 11.9 Earth Magic
 * Level 10.7 Invocations


You had 27 spell levels left.
You knew the following spells:

 Your Spells              Type           Power        Failure   Level  Hunger
a - Statue Form           Trmt/Erth      ###......    63%         6    #######
b - Haste                 Chrm           #.......     100%        6    #######
c - Deflect Missiles      Chrm/Air       #.........   100%        6    #######


Dungeon Overview and Level Annotations

Branches:
Dungeon (15/15)            Temple (1/1) D:6            Lair (8/8) D:10
 Shoals (4/4) Lair:4       Spider (4/4) Lair:4        Slime (0/6) Lair:8
    Orc (2/2) D:9             Elf (3/3) Orc:2        Vaults (5/5) D:14
  Crypt (3/3) Vaults:3       Tomb (2/3) Crypt:3      Depths (5/5) D:15
    Zot (0/5) Depths:5

Altars:
Ashenzari
Cheibriados
Dithmenos
Elyvilon
Fedhas
Gozag
Kikubaaqudgha
Makhleb
Nemelex Xobeh
Okawaru
Qazlal
Ru
Sif Muna
Trog
Vehumet
Yredelemnul
Zin
The Shining One
Jiyva

Shops:
D:4 :   D:11 *   Orc:2 (}!*   Elf:2 *   Elf:3 :   Vaults:1 (   Vaults:3 [
Vaults:4 =   Depths:4 *

Portals:
Hell: Depths:1 Depths:2 Depths:3 Depths:4 Depths:5
Abyss: Depths:1 Depths:3 Depths:4 Depths:5
Pandemonium: Orc:2 Depths:3
Ziggurat: Depths:2
Trove: Vaults:2 (give 19 potions of curing)

Annotations:
D:8 exclusions: obsidian statue and orange crystal statue
Lair:8 1 runed door
Elf:2 3 runed doors


Innate Abilities, Weirdness & Mutations

You reflexively headbutt those who attack you in melee.
You have a pair of horns on your head.
You have sharp toenails.
You are partially covered in yellow scales (AC +2).
You have supernaturally acute eyesight.
You are agile. (Dex +2)
You have an increased reservoir of magic (+10% MP).
You are resistant to hostile enchantments.
You are covered in fur (AC +1).
You are resistant to electric shocks.
You are sometimes teleported next to monsters.
Your spells are easier to cast, but less powerful.


Message History

* * * LOW HITPOINT WARNING * * *
The phantasmal warrior hits you!
* * * LOW HITPOINT WARNING * * *
The harpy skeleton claws you but does no damage. x2
The necrophage hits you but does no damage.
The harpy skeleton claws you but does no damage. x4
The flayed ghost hits you!
* * * LOW HITPOINT WARNING * * *
The phantasmal warrior hits you!!
* * * LOW HITPOINT WARNING * * *
The phantasmal warrior hits you.
* * * LOW HITPOINT WARNING * * *
The mummy priest hits you but does no damage.
The necrophage hits you but does no damage.
The harpy skeleton claws you but does no damage. x4
The flayed ghost hits you.
* * * LOW HITPOINT WARNING * * *
The mummy priest mumbles some strange prayers to its god.
The phantasmal warrior hits you!!
You die...

#......#...^#...^...
#......#..^.#.......
#....#####'#########
#....#...)....(.....
###'##..............
#.^W.#......####....
#55W3#..........###!
#nWMW#............[#
###@##...........[##
#5WWn#..........##..
#Z4ZM#.........#...)
#..ZWWW.......#.....
#..M3#4......#......
#....#.......#.....[
######.......#....(.
#........#.....
#.........#....


You could see 2 mummy priests, a flayed ghost, 4 phantasmal warriors, an ice
devil, a freezing wraith, a sixfirhy, a hungry ghost, a neqoxec, a chaos spawn,
a wraith, 2 necrophages, a mummy, an iron imp, a quasit, a crimson imp, a shadow
dragon simulacrum, a harpy skeleton and an ettin skeleton.

Vanquished Creatures
  Khufu (Crypt:1)
  2 ancient liches (Crypt:3)
  Mara (Vaults:4)
  Mennas (Tomb:2)
  2 juggernauts
  7 greater mummies
  Sojobo (Crypt:3)
  An iron giant (Depths:2)
  Boris (Depths:4)
  Margery (Crypt:1)
  2 large abominations (Depths:4)
  Norris (Depths:2)
  Nikola (Shoals:2)
  Arachne (Spider:3)
  Xtahua (Vaults:4)
  2 bone dragons
  2 golden dragons
  9 tentacled monstrosities
  8 liches
  Jorgrun (Depths:3)
  Rupert (Orc:2)
  5 deep elf blademasters
  7 deep elf master archers
  A quicksilver dragon (Depths:4)
  14 titans
  Polyphemus (Shoals:3)
  9 shadow dragons
  Agnes (D:14)
  A kraken (Shoals:4)
  11 sphinxes
  6 ancient champions
  6 storm dragons
  7 tengu reavers
  Ilsuiw (Shoals:4)
  Roxanne (Elf:1)
  5 revenants
  16 fire giants
  3 iron dragons
  18 frost giants
  A draconian knight (Depths:5)
  10 vault wardens
  7 ghost moths
  3 curse skulls
  6 emperor scorpions
  5 deep elf sorcerers
  An orc warlord (Orc:2)
  3 deep elf elementalists (Elf:3)
  A draconian annihilator (Depths:5)
  9 ironheart preservers
  2 spriggan defenders (Depths:4)
  9 ghouls
  11 very ugly things
  4 war gargoyles (Crypt:3)
  20 stone giants
  A green draconian (Depths:5)
  A salamander stormcaller (Vaults:5)
  A caustic shrike skeleton (Depths:1)
  Azrael (D:15)
  3 black draconians
  8 vampire knights
  9 deep elf demonologists
  5 yellow draconians
  4 white draconians
  9 spark wasps
  4 bennus
  8 deep elf annihilators
  9 ettins
  2 mottled draconians
  3 purple draconians
  5 red draconians
  12 deep elf death magi
  3 crystal guardians (Crypt:3)
  Josephine (D:11)
  13 yaktaur captains
  4 eidola
  4 jiangshi
  3 merfolk javelineers
  A green death (Depths:3)
  8 merfolk impalers
  16 fire dragons
  A minotaur (Lab)
  20 mummy priests
  3 deep elf high priests
  29 vault guards
  6 entropy weavers
  9 ice dragons
  18 great orbs of eyes
  3 rakshasas
  9 hydras
  A quicksilver dragon skeleton (Tomb:1)
  2 spriggan air magi (Depths:1)
  2 merfolk avatars (Shoals:2)
  16 centaur warriors
  An alligator snapping turtle (Shoals:1)
  2 catoblepae
  A ghost crab (shapeshifter) (Vaults:5)
  7 merfolk aquamancers (Shoals:4)
  8 death knights
  11 ogre magi
  20 dancing weapons
  A queen ant (shapeshifter) (Vaults:5)
  6 death yaks
  An iron giant skeleton (Crypt:2)
  4 deep troll shamans
  A satyr (Shoals:4)
  2 spriggan berserkers (Depths:4)
  8 tengu warriors
  9 deep troll earth magi
  A titan zombie (Depths:2)
  4 vampire magi
  2 shock serpents (shapeshifter)
  9 orc high priests
  A titan skeleton (Crypt:2)
  2 small abominations
  5 soul eaters
  25 deep elf knights
  22 hell knights
  5 iron trolls
  4 fire crabs
  16 death scarabs
  37 skeletal warriors
  A shadow wraith (Vaults:4)
  A spark wasp zombie (Crypt:1)
  5 unseen horrors
  29 deep trolls
  8 flayed ghosts
  An infernal demonspawn (Orc:2)
  A golden dragon zombie (Crypt:3)
  17 sea snakes
  4 giant orange brains
  5 hill giants
  17 orc knights
  25 deep elf archers
  A sphinx zombie (Vaults:2)
  2 putrid demonspawn (Orc:2)
  2 torturous demonspawn (Depths:3)
  9 ironbrand convokers
  9 phantasmal warriors
  16 necromancers
  A golden dragon skeleton (Depths:2)
  3 wolf spider zombies
  A shadow dragon skeleton (Crypt:1)
  83 deep elf magi
  37 harpies
  7 cyclopes
  2 hornets (shapeshifter)
  14 orb spiders
  5 wizards
  6 anubis guards
  13 fauns
  7 orc sorcerers
  37 wolf spiders
  A stone giant zombie (Vaults:2)
  3 centaur zombies
  8 hornets
  31 ugly things
  3 sixfirhies (Orc:2)
  17 slime creatures
  An elephant (shapeshifter) (Vaults:4)
  12 manticores
  12 elephants
  12 griffons
  Joseph (D:7)
  Maurice (Orc:2)
  2 stone giant skeletons
  3 fire giant skeletons
  2 frost giant skeletons
  A guardian serpent (shapeshifter) (Vaults:5)
  11 sirens
  4 centaur skeletons
  An ice statue (IceCv)
  17 vault sentinels
  8 water nymphs
  6 black mambas
  3 gargoyles
  2 orange demons (Depths:3)
  17 spiny frogs
  2 dire elephant skeletons
  A green draconian zombie (Crypt:1)
  A catoblepas zombie (Crypt:3)
  A mottled draconian zombie (Crypt:1)
  5 komodo dragons
  38 yaktaurs
  4 rime drakes
  15 demonic crawlers
  3 efreet
  A yaktaur skeleton (Vaults:2)
  2 human zombies
  9 freezing wraiths
  A golden dragon simulacrum (Depths:2)
  16 guardian mummies
  A spriggan druid (Lair:8)
  A hellwing (Orc:2)
  2 human skeletons
  3 kobold demonologists
  2 tengu conjurers
  10 trolls
  A death drake zombie (Crypt:1)
  A queen ant zombie (Crypt:1)
  17 two-headed ogres
  A troll (shapeshifter) (Vaults:1)
  22 jumping spiders
  A merfolk (shapeshifter) (Elf:3)
  A jumping spider (shapeshifter) (Vaults:2)
  20 polar bears
  A wind drake (shapeshifter) (Vaults:3)
  30 merfolk
  2 ice dragon zombies
  15 blink frogs
  A raiju (shapeshifter) (Depths:5)
  2 ettin zombies
  7 boulder beetles
  An alligator zombie (Tomb:2)
  10 ushabtiu
  12 snapping turtles
  A fire giant simulacrum (Vaults:2)
  75 redbacks
  3 air elementals
  49 flying skulls
  An ice dragon skeleton (Crypt:2)
  44 tarantellas
  12 wraiths
  87 yaks
  14 water elementals
  3 shadows
  A hog (shapeshifter) (D:14)
  6 wyverns
  A fire dragon skeleton (Tomb:2)
  4 vampires
  An alligator skeleton (Tomb:1)
  5 fire elementals
  11 spriggans (Lair:8)
  A human (shapeshifter) (Elf:3)
  The ghost of inmateoo the Skirmisher, an amateur MiNe (D:4)
  A ynoxinul (Orc:2)
  A yak (shapeshifter) (Vaults:4)
  A neqoxec (Orc:2)
  3 hungry ghosts
  A human simulacrum (Vaults:2)
  15 hippogriffs
  9 vampire mosquitoes
  A basilisk (D:15)
  3 steam dragons
  A soldier ant (D:12)
  A mottled dragon (D:11)
  10 wargs
  A torturous demonspawn zombie (Crypt:2)
  A giant eyeball (Depths:3)
  2 hell hounds (D:15)
  20 water moccasins
  9 porcupines
  An infernal demonspawn skeleton (Crypt:2)
  58 orc warriors
  A merfolk skeleton (Crypt:2)
  A fire dragon simulacrum (Depths:1)
  A swamp dragon zombie (Crypt:2)
  6 ice beasts
  2 sky beasts
  6 wasps
  5 black bears
  A manticore zombie (Crypt:1)
  An eye of draining (D:7)
  A black bear (shapeshifter) (Depths:1)
  11 necrophages
  An ogre (shapeshifter) (Elf:3)
  45 ogres
  4 phantoms
  2 boggarts (shapeshifter)
  48 wolves
  An ettin simulacrum (Vaults:3)
  6 boggarts
  32 centaurs
  11 crocodiles
  A snapping turtle skeleton (Crypt:2)
  A swamp dragon skeleton (Crypt:2)
  7 big kobolds
  17 giant frogs
  A wyvern zombie (D:9)
  A glowing shapeshifter simulacrum (Depths:1)
  4 earth elementals
  A wyvern skeleton (D:14)
  3 scorpions
  4 jellies
  A yak zombie (Crypt:2)
  20 killer bees
  18 wights
  4 electric eels
  A howler monkey (D:14)
  11 crimson imps
  4 lava snakes (Lab)
  2 giant frog zombies
  A wasp zombie (D:10)
  A demonspawn zombie (Crypt:2)
  8 hounds
  26 orc priests
  8 iguanas
  22 orc wizards
  14 worker ants
  5 hell rats (Lair:6)
  A killer bee zombie (D:9)
  23 sheep
  A naga zombie (Crypt:3)
  An ogre skeleton (Crypt:1)
  4 hound zombies
  44 mummies
  A worker ant zombie (D:9)
  3 gnolls (D:6)
  10 adders
  76 river rats
  4 shadow imps
  12 white imps (Lair:4)
  2 oozes
  An adder zombie (D:9)
  An adder skeleton (D:4)
  A worm (D:2)
  2 dart slugs
  A worm (shapeshifter) (Depths:5)
  7 giant geckos
  133 orcs
  A ball python (D:3)
  7 bats
  11 giant cockroaches
  5 goblins
  5 hobgoblins
  18 jackals
  22 kobolds
  4 quokkas
  5 giant newts
  A jackal zombie (D:8)
  A quokka zombie (D:7)
  8 rats
  2 crawling corpses (Vaults:2)
  8 fungi
  3 plants
  3 tentacles (Shoals:4)
  2 tentacle segments (Shoals:4)
2800 creatures vanquished.

Vanquished Creatures (collateral kills)
  A crocodile (Lair:2)
1 creature vanquished.

Vanquished Creatures (others)
  A deep elf master archer (Elf:3)
  2 fire giants (Crypt:3)
  A deep elf elementalist (Elf:1)
  2 stone giants
  A deep elf annihilator (Elf:2)
  2 merfolk javelineers (Shoals:4)
  A quicksilver dragon zombie (Tomb:2)
  A yaktaur captain (Vaults:3)
  A deep troll shaman (Depths:5)
  2 deep elf knights
  9 death scarabs (Tomb:2)
  2 deep elf archers (Elf:2)
  An anubis guard (Tomb:2)
  3 deep elf magi
  A wolf spider (Spider:4)
  A faun (Shoals:1)
  A rime drake (shapeshifter) (Depths:4)
  A yaktaur (Depths:2)
  A guardian mummy (Tomb:2)
  A polar bear (IceCv)
  A harpy skeleton (Tomb:2)
  A flying skull (Tomb:2)
  An ushabti (Tomb:2)
  A water elemental (Shoals:4)
  A redback (Spider:2)
  A wraith (Crypt:2)
  2 yaks (IceCv)
  An orc warrior (Orc:2)
  An alligator simulacrum (Tomb:2)
  A boggart (Vaults:3)
  An orc wizard (Vaults:2)
  3 mummies (Tomb:2)
  2 orcs
  15 fungi
  9 lost souls
  14 plants
  5 tentacles (Shoals:4)
  222 tentacle segments (Shoals:4)
317 creatures vanquished.

Grand Total: 3118 creatures vanquished

Notes
Turn   | Place    | Note
--------------------------------------------------------------
     0 | D:1      | inmateoo the Minotaur Necromancer began the quest for the Orb.
     0 | D:1      | Reached XP level 1. HP: 14/14 MP: 1/1
    38 | D:1      | Reached skill level 1 in Fighting
    96 | D:1      | Reached XP level 2. HP: 22/24 MP: 3/3
  1338 | D:2      | Reached XP level 3. HP: 20/31 MP: 4/4
  1814 | D:2      | Found a sparkling altar of Nemelex Xobeh.
  2130 | D:2      | Found a stormy altar of Qazlal.
  2241 | D:3      | Found a blossoming altar of Fedhas.
  2321 | D:3      | Reached skill level 1 in Armour
  2595 | D:3      | Reached XP level 4. HP: 35/40 MP: 5/5
  3024 | D:4      | Noticed inmateoo's ghost (amateur MiNe)
  3176 | D:4      | Found a glowing drain.
  3200 | Sewer    | Entered a sewer
  3461 | Sewer    | Noticed a big kobold
  3514 | Sewer    | Killed a big kobold
  3514 | Sewer    | Reached skill level 1 in Shields
  3514 | Sewer    | Reached XP level 5. HP: 26/47 MP: 6/6
  3564 | Sewer    | Found a white marble altar of Elyvilon.
  4019 | D:4      | Found a radiant altar of Vehumet.
  4229 | D:4      | Found Qamir's Book Shoppe.
  4270 | D:4      | Reached skill level 5 in Fighting
  4455 | D:5      | Entered Level 5 of the Dungeon
  4619 | D:5      | Reached XP level 6. HP: 50/56 MP: 7/7
  5189 | D:6      | Noticed an orc warrior
  5203 | D:6      | Noticed an ice beast
  5503 | D:5      | Reached skill level 1 in Maces & Flails
  5790 | D:5      | Reached skill level 2 in Maces & Flails
  5883 | D:5      | Reached XP level 7. HP: 61/62 MP: 8/8
  5984 | D:4      | Killed inmateoo's ghost
  5984 | D:4      | Reached skill level 3 in Maces & Flails
  6588 | D:5      | Reached skill level 4 in Maces & Flails
  6699 | D:6      | Found a staircase to the Ecumenical Temple.
  6710 | Temple   | Entered the Ecumenical Temple
  6748 | Temple   | Became a worshipper of Warmaster Okawaru
  6755 | Temple   | Reached XP level 8. HP: 37/71 MP: 9/9
  7342 | D:6      | Found a glowing golden altar of the Shining One.
  7384 | D:6      | Reached skill level 5 in Maces & Flails
  7442 | D:6      | Reached skill level 5 in Armour
  7658 | D:6      | Reached skill level 5 in Dodging
  7769 | D:6      | Reached * piety under Okawaru
  7954 | D:6      | Reached skill level 6 in Maces & Flails
  7954 | D:6      | Reached skill level 5 in Shields
  8032 | D:7      | Found a snail-covered altar of Cheibriados.
  8213 | D:7      | Reached XP level 9. HP: 21/79 MP: 10/10
  8551 | D:7      | Reached skill level 7 in Maces & Flails
  8856 | D:7      | Got an ancient falchion {slice}
  8858 | D:7      | Identified the +4 falchion of Ruekhlak {slice, Dex+2} (You took it off a crimson imp on level 7 of the Dungeon)
  8932 | D:7      | Noticed Joseph
  8958 | D:7      | Killed Joseph
  9736 | D:8      | Noticed an orange crystal statue
  9770 | D:8      | Reached skill level 8 in Maces & Flails
 10118 | D:8      | Reached ** piety under Okawaru
 10183 | D:8      | Noticed an obsidian statue
 10460 | D:9      | Reached XP level 10. HP: 31/90 MP: 11/11
 10890 | D:9      | Found a staircase to the Orcish Mines.
 11075 | D:9      | Reached skill level 9 in Maces & Flails
 11084 | D:9      | Reached *** piety under Okawaru
 11098 | D:9      | Noticed a cyclops
 11107 | D:9      | Killed a cyclops
 11223 | D:9      | Reached **** piety under Okawaru
 11341 | D:9      | Reached skill level 10 in Maces & Flails
 11583 | D:10     | Entered Level 10 of the Dungeon
 11615 | D:10     | Found a staircase to the Lair.
 12212 | D:10     | Reached XP level 11. HP: 78/97 MP: 12/12
 13211 | D:11     | Noticed an unseen horror
 13217 | D:11     | Killed an unseen horror
 13217 | D:11     | Reached ***** piety under Okawaru
 13217 | D:11     | Reached skill level 11 in Maces & Flails
 13217 | D:11     | Reached skill level 1 in Invocations
 13563 | D:11     | Noticed Josephine
 14022 | D:11     | Reached skill level 10 in Fighting
 14042 | D:11     | Killed Josephine
 14160 | D:11     | Found Kauble's Assorted Antiques.
 14176 | D:11     | Bought a scroll labeled OSIMAG LAINT for 29 gold pieces
 14176 | D:11     | Bought a white potion for 26 gold pieces
 14483 | D:12     | Received a gift from Okawaru
 14586 | D:12     | Noticed a brown ugly thing
 14598 | D:12     | Killed a brown ugly thing
 14603 | D:12     | Reached skill level 12 in Maces & Flails
 15258 | D:12     | Noticed a hill giant
 15267 | D:12     | Killed a hill giant
 15351 | D:12     | Reached XP level 12. HP: 73/107 MP: 13/13
 15719 | D:12     | Gained mutation: You evolve. [mutagenic meat]
 15720 | D:12     | Gained mutation: You have large cloven feet. [mutagenic meat]
 15721 | D:12     | Gained mutation: You are occasionally teleported next to monsters. [mutagenic meat]
 16224 | D:12     | Noticed a seven-headed hydra
 16838 | D:13     | Reached skill level 10 in Armour
 16976 | D:13     | Reached skill level 13 in Maces & Flails
 17032 | D:13     | Received a gift from Okawaru
 17054 | D:13     | Noticed a centaur warrior
 17072 | D:13     | Killed a centaur warrior
 17384 | D:13     | Gained mutation: You are frail (-10% HP). [mutagenic meat]
 17487 | D:13     | Reached ****** piety under Okawaru
 17510 | D:13     | Reached skill level 10 in Shields
 17581 | D:13     | Noticed a centaur warrior
 17597 | D:13     | Received a gift from Okawaru
 17610 | D:13     | Killed a centaur warrior
 17622 | D:13     | Gained mutation: You are partially covered in yellow scales (AC +2). [mutagenic meat]
 17623 | D:13     | Gained mutation: You have a pair of large horns on your head. [mutagenic meat]
 17805 | D:13     | Reached skill level 5 in Invocations
 17925 | D:13     | Paralysed by an orc for 4 turns
 18104 | Lair:1   | Entered Level 1 of the Lair of Beasts
 18938 | Lair:2   | Identified a scroll of acquirement
 18959 | Lair:2   | Reached skill level 10 in Dodging
 18959 | Lair:2   | Reached XP level 13. HP: 96/104 MP: 15/15
 20437 | Lair:3   | Reached skill level 14 in Maces & Flails
 20859 | Lair:4   | Found a frozen archway.
 20868 | IceCv    | Entered an ice cave
 21675 | IceCv    | Noticed a frost giant
 21690 | IceCv    | Killed a frost giant
 21690 | IceCv    | Received a gift from Okawaru
 21765 | IceCv    | Got a shimmering scythe
 21979 | IceCv    | Gained mutation: You are resistant to electric shocks. [evolution]
 22158 | Lair:4   | Found a hole to the Spider Nest.
 22506 | Lair:4   | Found a staircase to the Shoals.
 23078 | Lair:5   | Reached skill level 15 in Maces & Flails
 23265 | Lair:5   | Received a gift from Okawaru
 23462 | Lair:5   | Reached XP level 14. HP: 93/114 MP: 17/17
 24734 | Lair:6   | Got a translucent war axe
 24736 | Lair:6   | Identified the +6 war axe of Excruciating Pain {holy, rPois Str+4 Dex-3 SInv} (You found it on level 6 of the Lair of Beasts)
 24942 | Lair:6   | Reached skill level 1 in Axes
 25181 | Lair:7   | Received a gift from Okawaru
 25385 | Lair:7   | Found a labyrinth entrance.
 25399 | Lab      | Entered a labyrinth
 25490 | Lab      | Got a steaming shield
 25502 | Lab      | Identified the -2 shield of Greed {SInv} (You took it off a minotaur in a labyrinth)
 25518 | Lab      | Identified the Almanac of Glacial Flames (You found it in a labyrinth)
 26045 | Lair:7   | Upgraded the game from 0.18-a0-1745-gffa9a88 to 0.18-a0-1747-g18c4181
 26075 | Lair:8   | Entered Level 8 of the Lair of Beasts
 26144 | Lair:8   | Reached skill level 16 in Maces & Flails
 26624 | Lair:8   | Found a runed door.
 26624 | Lair:8   | Found a viscous altar of Jiyva.
 26624 | Lair:8   | Found a staircase to the Slime Pits.
 26624 | Lair:8   | Noticed an azure jelly
 26624 | Lair:8   | Noticed an azure jelly
 26771 | Lair:8   | Reached XP level 15. HP: 76/122 MP: 18/18
 27417 | Lair:8   | Received a gift from Okawaru
 28095 | D:14     | Noticed Agnes
 28108 | D:14     | Killed Agnes
 28426 | D:14     | Gained mutation: You are dopey. (Int -2) [mutagenic meat]
 28427 | D:14     | Gained mutation: Your spells are a little harder to cast, but a little more powerful. [mutagenic meat]
 28473 | D:14     | Reached skill level 17 in Maces & Flails
 28488 | D:14     | Gained mutation: You are clumsy. (Dex -2) [a neqoxec]
 28646 | D:14     | Found a gate to the Vaults.
 29104 | D:14     | Received a gift from Okawaru
 29107 | D:14     | Got a distressingly furry ring mail {god gift}
 29108 | D:14     | Identified the +2 ring mail of Narcissism {Str+6} (Okawaru gifted it to you on level 14 of the Dungeon)
 29288 | D:14     | Found a stormy altar of Qazlal.
 29316 | D:15     | Entered Level 15 of the Dungeon
 29449 | D:15     | Gained mutation: You are covered in fur (AC +1). [mutagenic meat]
 29655 | D:15     | Noticed Azrael
 29673 | D:15     | Killed Azrael
 29833 | D:15     | Reached skill level 18 in Maces & Flails
 30042 | D:15     | Found a staircase to the Depths.
 30381 | Depths:1 | Entered Level 1 of the Depths
 30389 | Depths:1 | Got a brightly glowing ring mail
 30390 | Depths:1 | Identified the +4 ring mail of Ywueho Hilej {Str+3} (You found it on level 1 of the Depths)
 30418 | Depths:1 | Reached XP level 16. HP: 120/132 MP: 19/19
 30770 | Depths:1 | Received a gift from Okawaru
 30793 | Depths:1 | Got an ichor-stained cloak {god gift}
 30794 | Depths:1 | Identified the +0 cloak of Weirdness {Regen+ MP+9 Int-5} (Okawaru gifted it to you on level 1 of the Depths)
 31182 | Depths:1 | Found a one-way gate to the infinite horrors of the Abyss.
 31348 | Depths:1 | Found a runed door.
 31422 | Depths:1 | Paralysed by a great orb of eyes for 3 turns
 31551 | Depths:1 | Paralysed by a great orb of eyes for 2 turns
 31565 | Depths:1 | Reached skill level 19 in Maces & Flails
 31686 | Depths:1 | Found a gateway to Hell.
 31896 | Depths:1 | Reached skill level 15 in Fighting
 32011 | Depths:1 | Lost mutation: Your spells are a little harder to cast, but a little more powerful. [mutagenic meat]
 32012 | Depths:1 | Gained mutation: Your flesh is cold resistant. [mutagenic meat]
 32118 | Depths:1 | Gained mutation: You have hoof-like feet. [evolution]
 32337 | Depths:1 | Got a warped brass amulet
 32338 | Depths:1 | Identified the amulet "Kepa" {Faith MR++} (You found it on level 1 of the Depths)
 32458 | Depths:2 | Noticed a juggernaut
 32458 | Depths:2 | Noticed an iron giant
 32467 | Depths:2 | Noticed Norris
 32711 | Orc:1    | Entered Level 1 of the Orcish Mines
 33068 | Orc:2    | Entered Level 2 of the Orcish Mines
 33079 | Orc:2    | Found a staircase to the Elven Halls.
 33161 | Orc:2    | Noticed Rupert
 33168 | Orc:2    | Killed Rupert
 33168 | Orc:2    | Received a gift from Okawaru
 33256 | Orc:2    | Found a one-way gate leading to the halls of Pandemonium.
 33256 | Orc:2    | Found Ciwediut's Gadget Emporium.
 33256 | Orc:2    | Found Kiomiub's Antique Weapon Shoppe.
 33300 | Orc:2    | Reached XP level 17. HP: 29/140 MP: 15/20
 33319 | Orc:2    | Bought an ornate deck of changes for 280 gold pieces
 33330 | Orc:2    | Lost mutation: You are frail (-10% HP). [helix card]
 33466 | Orc:2    | Noticed Maurice
 33520 | Orc:2    | Killed Maurice
 33698 | Orc:2    | Found Tereabol's General Store.
 33699 | Orc:2    | Found Qeetadde's Distillery.
 33778 | Orc:2    | Gained mutation: You are weak. (Str -2) [a neqoxec]
 33780 | Orc:2    | Gained mutation: Scrolls take you a little longer to read. [a neqoxec]
 33860 | Orc:2    | Bought a potion of mutation for 30 gold pieces
 33860 | Orc:2    | Bought a potion of mutation for 30 gold pieces
 33860 | Orc:2    | Bought a potion of curing for 36 gold pieces
 33860 | Orc:2    | Bought a potion of curing for 36 gold pieces
 33860 | Orc:2    | Bought 3 potions of resistance for 360 gold pieces
 33860 | Orc:2    | Bought 2 potions of cancellation for 192 gold pieces
 33860 | Orc:2    | Bought a potion of invisibility for 96 gold pieces
 33860 | Orc:2    | Lost mutation: You are partially covered in yellow scales (AC +2). [potion of mutation]
 33861 | Orc:2    | Lost mutation: You have hoof-like feet. [potion of mutation]
 33922 | Orc:2    | Bought 2 potions of heal wounds for 120 gold pieces
 33922 | Orc:2    | Bought a potion of curing for 36 gold pieces
 34174 | Elf:1    | Entered Level 1 of the Elven Halls
 34200 | Elf:1    | Reached skill level 20 in Maces & Flails
 34419 | Elf:1    | Noticed Roxanne
 34433 | Elf:1    | Killed Roxanne
 34435 | Elf:1    | Identified Roxanne's Almanac of Stones (You took it off Roxanne on level 1 of the Elven Halls)
 34557 | Orc:2    | Learned a level 6 spell: Statue Form
 34630 | Elf:1    | Reached skill level 15 in Armour
 34774 | Elf:1    | Received a gift from Okawaru
 34795 | Elf:1    | Reached skill level 1 in Transmutations
 34841 | Elf:1    | Got a pair of smoking gloves {god gift}
 34854 | Elf:1    | Identified the +1 pair of gloves of the Merchant {*Confuse rElec Str+6 Int+2} (Okawaru gifted it to you on level 1 of the Elven Halls)
 34955 | Elf:1    | Lost mutation: You are dopey. (Int -2) [evolution]
 35158 | Elf:1    | Reached skill level 1 in Earth Magic
 35656 | Elf:2    | Found a runed gate.
 35931 | Elf:2    | Found Qitodiy's Assorted Antiques.
 36004 | Elf:2    | Bought a potion of haste for 310 gold pieces
 36004 | Elf:2    | Bought a scroll of identify for 62 gold pieces
 36004 | Elf:2    | Bought a scroll labeled ZIRPHE MUGAU for 31 gold pieces
 36004 | Elf:2    | Bought a scroll of recharging for 294 gold pieces
 36004 | Elf:2    | Bought a scroll of enchant armour for 232 gold pieces
 36004 | Elf:2    | Bought a bronze wand for 124 gold pieces
 36004 | Elf:2    | Bought a potion of cancellation for 248 gold pieces
 36004 | Elf:2    | Bought a potion of curing for 93 gold pieces
 36164 | Elf:2    | Found a runed gate.
 36164 | Elf:2    | Found a runed gate.
 36294 | Orc:1    | Found a burning altar of Makhleb.
 36442 | Lair:1   | Received a gift from Okawaru
 36449 | Lair:1   | Got a faintly glowing flail {god gift}
 36452 | Lair:1   | Identified the +3 flail "Giref" {pain, *Corrode +Rage rN++ SInv} (Okawaru gifted it to you on level 1 of the Lair of Beasts)
 36544 | Spider:1 | Entered Level 1 of the Spider Nest
 36584 | Spider:1 | Gained mutation: You are partially covered in iridescent scales (AC +4). [potion of mutation]
 36584 | Spider:1 | Gained mutation: You occasionally shout uncontrollably at your foes. [potion of mutation]
 36584 | Spider:1 | Lost mutation: You are resistant to electric shocks. [potion of mutation]
 36675 | Spider:1 | Reached XP level 18. HP: 142/166 MP: 21/21
 37190 | Spider:2 | Received a gift from Okawaru
 37506 | Spider:3 | Reached skill level 21 in Maces & Flails
 37625 | Spider:3 | Noticed Arachne
 37641 | Spider:3 | Killed Arachne
 38186 | Spider:3 | Received a gift from Okawaru
 38320 | Spider:2 | Lost mutation: Scrolls take you a little longer to read. [potion of mutation]
 38320 | Spider:2 | Gained mutation: Your skin changes colour to match your surroundings (Stealth). [potion of mutation]
 38429 | Spider:2 | Lost mutation: You occasionally shout uncontrollably at your foes. [mutagenic meat]
 38430 | Spider:2 | Gained mutation: Your spells are a little easier to cast, but a little less powerful. [mutagenic meat]
 38613 | Spider:3 | Lost mutation: You are weak. (Str -2) [evolution]
 38705 | Spider:4 | Entered Level 4 of the Spider Nest
 38720 | Spider:4 | Lost mutation: You have a pair of large horns on your head. [potion of mutation]
 39261 | Spider:4 | Received a gift from Okawaru
 39264 | Spider:4 | Got a dazzling shield {god gift}
 39275 | Spider:4 | Identified the -5 shield of Complete Protection {Str+2} (Okawaru gifted it to you on level 4 of the Spider Nest)
 39488 | Spider:4 | Gained mutation: You are surrounded by a mild repulsion field (EV +2). [mutagenic meat]
 39842 | Spider:4 | Lost mutation: You have large cloven feet. [mutagenic meat]
 39843 | Spider:4 | Gained mutation: Your spells are easier to cast, but less powerful. [mutagenic meat]
 39844 | Spider:4 | Gained mutation: Your mind is acute. (Int +2) [mutagenic meat]
 40251 | Spider:4 | Reached XP level 19. HP: 169/174 MP: 0/24
 40281 | Spider:4 | Got a gossamer rune of Zot
 40691 | D:14     | Received a gift from Okawaru
 40716 | Vaults:1 | Entered Level 1 of the Vaults
 40842 | Vaults:1 | Reached skill level 5 in Transmutations
 41085 | Vaults:1 | Reached skill level 5 in Earth Magic
 41230 | Vaults:1 | Received a gift from Okawaru
 41376 | Vaults:1 | Found Hywat's Weapon Emporium.
 41995 | Vaults:1 | Lost mutation: You are clumsy. (Dex -2) [mutagenic meat]
 42056 | Vaults:2 | Reached skill level 22 in Maces & Flails
 42347 | Vaults:2 | Gained mutation: You possess an exceptional clarity of mind. [mutagenic meat]
 42348 | Vaults:2 | Lost mutation: Your mind is acute. (Int +2) [mutagenic meat]
 42349 | Vaults:2 | Gained mutation: You are partially covered in yellow scales (AC +2). [mutagenic meat]
 42353 | Vaults:2 | Gained mutation: You are frail (-10% HP). [mutagenic meat]
 42355 | Vaults:2 | Gained mutation: Your muscles are strong. (Str +2) [mutagenic meat]
 42407 | Vaults:2 | Received a gift from Okawaru
 42499 | Vaults:2 | Identified a +2 pair of boots of running (Okawaru gifted it to you on level 2 of the Vaults)
 42752 | Vaults:2 | Reached skill level 5 in Spellcasting
 42801 | Vaults:2 | Found a portal to a secret trove of treasure.
 43019 | Vaults:2 | Reached XP level 20. HP: 131/165 MP: 26/26
 43113 | Vaults:2 | Lost mutation: You possess an exceptional clarity of mind. [mutagenic meat]
 43116 | Vaults:2 | Lost mutation: Your muscles are strong. (Str +2) [potion of mutation]
 43116 | Vaults:2 | Gained mutation: Your flesh is heat resistant. [potion of mutation]
 43116 | Vaults:2 | Lost mutation: You are partially covered in iridescent scales (AC +4). [potion of mutation]
 43117 | Vaults:2 | Gained mutation: You have a beak for a mouth. [potion of mutation]
 43117 | Vaults:2 | Lost mutation: Your flesh is cold resistant. [potion of mutation]
 43680 | Vaults:3 | Received a gift from Okawaru
 43841 | Vaults:3 | Reached skill level 15 in Shields
 44167 | Vaults:3 | Found Saco's Armour Shoppe.
 44283 | Vaults:3 | Gained mutation: You are weak. (Str -2) [mutagenic meat]
 44284 | Vaults:3 | Lost mutation: Your skin changes colour to match your surroundings (Stealth). [mutagenic meat]
 44285 | Vaults:3 | Gained mutation: Your flesh is very heat resistant. [mutagenic meat]
 44367 | Vaults:3 | Received a gift from Okawaru
 44370 | Vaults:3 | Got an iridescent eveningstar {god gift}
 44372 | Vaults:3 | Identified the +1 eveningstar "Goblinbane" {drain, Int+4} (Okawaru gifted it to you on level 3 of the Vaults)
 44729 | Vaults:3 | Found a staircase to the Crypt.
 44757 | Vaults:4 | Noticed Xtahua
 44841 | Vaults:4 | Killed Xtahua
 44954 | Vaults:4 | Lost mutation: Your flesh is very heat resistant. [mutagenic meat]
 44955 | Vaults:4 | Gained mutation: You have supernaturally acute eyesight. [mutagenic meat]
 44959 | Vaults:4 | Gained mutation: You are resistant to electric shocks. [mutagenic meat]
 44961 | Vaults:4 | Gained mutation: You have a pair of large horns on your head. [mutagenic meat]
 44962 | Vaults:4 | Gained mutation: You are agile. (Dex +2) [mutagenic meat]
 44963 | Vaults:4 | Lost mutation: You are weak. (Str -2) [mutagenic meat]
 44981 | Vaults:4 | Noticed Mara
 44983 | Vaults:4 | Noticed inmateoo's illusion
 45117 | Vaults:4 | Received a gift from Okawaru
 45148 | Vaults:4 | Got a transparent fire dragon armour {god gift}
 45150 | Vaults:4 | Identified the +6 fire dragon armour "Jixomoac" {rF++ rC- Str+4} (Okawaru gifted it to you on level 4 of the Vaults)
 45292 | Vaults:4 | Killed Mara
 45729 | Vaults:4 | Found Qinlagust's Jewellery Shoppe.
 45805 | Vaults:4 | Reached skill level 23 in Maces & Flails
 46015 | Vaults:5 | Entered Level 5 of the Vaults
 46033 | Vaults:5 | Reached skill level 15 in Dodging
 46034 | Vaults:5 | Reached XP level 21. HP: 86/173 MP: 29/29
 46036 | Vaults:5 | Received a gift from Okawaru
 46573 | Vaults:4 | Lost mutation: You are frail (-10% HP). [mutagenic meat]
 46754 | Vaults:5 | Received a gift from Okawaru
 46800 | Vaults:5 | Got a pair of heavily runed gloves {god gift}
 46801 | Vaults:5 | Gained mutation: You are resistant to hostile enchantments. [evolution]
 46803 | Vaults:4 | Identified the +0 pair of gloves of Sloth {rN+ MR+} (Okawaru gifted it to you on level 5 of the Vaults)
 47245 | Vaults:5 | Learned a level 6 spell: Haste
 47252 | Vaults:5 | Learned a level 6 spell: Deflect Missiles
 47459 | Vaults:5 | Got a fine granite ring
 47460 | Vaults:5 | Identified the ring "Xewoiziy" {rElec rPois rF+++ rN+ Int+2} (You found it on level 5 of the Vaults)
 47533 | Vaults:5 | Received a gift from Okawaru
 47793 | Vaults:5 | Got a faintly glowing plate armour
 47982 | Vaults:5 | Got a silver rune of Zot
 48001 | Vaults:5 | Identified the cursed +0 plate armour "Xousk" {Str+3 Dex+3} (You found it on level 5 of the Vaults)
 48463 | Elf:3    | Entered Level 3 of the Elven Halls
 48590 | Elf:3    | Found Raunorofaa's Book Shoppe.
 48699 | Elf:3    | Reached XP level 22. HP: 203/203 MP: 31/31
 49126 | Elf:3    | Received a gift from Okawaru
 49505 | Elf:3    | Got a scintillating copper ring
 49525 | Elf:3    | Received a gift from Okawaru
 49567 | Elf:3    | Identified the Disquisition on Assistive Stolen Souls (You found it on level 3 of the Elven Halls)
 49572 | Elf:3    | Learned a level 3 spell: Regeneration
 49658 | Elf:3    | Identified the ring of Sootysas {MP+9 Stlth-} (You took it off a deep elf blademaster on level 3 of the Elven Halls)
 49691 | Elf:3    | Identified the Disquisition on Transformation and the Snowflakes (You found it on level 3 of the Elven Halls)
 49713 | Elf:3    | Lost mutation: You evolve. [mutagenic meat]
 49724 | Elf:3    | Got a brightly glowing golden ring
 49848 | Elf:3    | Lost mutation: You are surrounded by a mild repulsion field (EV +2). [mutagenic meat]
 50013 | Elf:3    | Reached skill level 24 in Maces & Flails
 50243 | Shoals:1 | Entered Level 1 of the Shoals
 51457 | Shoals:2 | Noticed Nikola
 51491 | Shoals:2 | Killed Nikola
 52002 | Shoals:3 | Identified the ring "Fiytyal" {rElec rF+ Int+7 Stlth-} (You took it off a deep elf high priest on level 3 of the Elven Halls)
 52014 | Shoals:4 | Entered Level 4 of the Shoals
 52064 | Shoals:4 | Noticed Ilsuiw
 52079 | Shoals:4 | Killed Ilsuiw
 52188 | Shoals:4 | Received a gift from Okawaru
 52194 | Shoals:4 | Got a pair of spiked boots {god gift}
 52196 | Shoals:4 | Identified the +0 pair of boots of the Suburbs {rPois Regen+ Dex-4 Stlth+} (Okawaru gifted it to you on level 4 of the Shoals)
 52409 | Shoals:4 | Got a translucent iron ring
 52413 | Shoals:4 | Got a pair of transparent boots
 52414 | Shoals:4 | Identified the ring of Vaex {Fire Int+6 SInv Stlth+} (You found it on level 4 of the Shoals)
 52416 | Shoals:4 | Identified the +2 pair of boots of Heplinoh {rN+ MR+ MP-9 Dex+2} (You acquired it on level 4 of the Shoals)
 52886 | Shoals:4 | Reached XP level 23. HP: 37/211 MP: 33/33
 52894 | Shoals:4 | Got a barnacled rune of Zot
 53297 | Shoals:3 | Noticed Polyphemus
 53320 | Shoals:3 | Killed Polyphemus
 53409 | Shoals:3 | Received a gift from Okawaru
 54197 | Depths:2 | Gained mutation: You are very agile. (Dex +4) [mutagenic meat]
 54198 | Depths:2 | Lost mutation: Your flesh is heat resistant. [mutagenic meat]
 54199 | Depths:2 | Lost mutation: You have a beak for a mouth. [mutagenic meat]
 54304 | Depths:2 | Killed an iron giant
 54506 | Depths:2 | Killed a juggernaut
 54523 | Depths:2 | Found a gateway to a ziggurat.
 54724 | Depths:2 | Received a gift from Okawaru
 54880 | Depths:2 | Killed Norris
 54917 | Depths:2 | Gained mutation: You have sharp toenails. [mutagenic meat]
 54918 | Depths:2 | Gained mutation: You are sometimes teleported next to monsters. [mutagenic meat]
 55830 | Depths:3 | Received a gift from Okawaru
 56001 | Depths:3 | Noticed Jorgrun
 56010 | Depths:3 | Killed Jorgrun
 56036 | Depths:3 | Found a glowing golden altar of the Shining One.
 56042 | Depths:3 | Reached skill level 25 in Maces & Flails
 56456 | Depths:4 | Noticed Boris
 56564 | Depths:4 | Killed Boris
 56564 | Depths:4 | Reached XP level 24. HP: 212/222 MP: 34/34
 56567 | Depths:4 | Found Taxuh's Pet Rocks.
 56718 | Depths:4 | Found a runed door.
 57077 | Depths:4 | Gained mutation: You have an increased reservoir of magic (+10% MP). [mutagenic meat]
 57109 | Depths:4 | Noticed a juggernaut
 57109 | Depths:4 | Found a runed door.
 57121 | Depths:4 | Killed a juggernaut
 57133 | Depths:4 | Killed a ghostly juggernaut
 57133 | Depths:4 | Reached skill level 10 in Earth Magic
 57144 | Depths:4 | Received a gift from Okawaru
 57182 | Depths:4 | Identified Ummytume's Disquisition on the Helpful Rocks (You found it on level 4 of the Depths)
 57535 | Depths:5 | Entered Level 5 of the Depths
 57558 | Depths:5 | Reached skill level 10 in Transmutations
 57879 | Depths:5 | Found a gate to the Realm of Zot.
 58032 | Depths:5 | Received a gift from Okawaru
 58630 | Depths:5 | Lost mutation: You have a pair of large horns on your head. [mutagenic meat]
 58631 | Depths:5 | Lost mutation: You are very agile. (Dex +4) [mutagenic meat]
 58647 | Depths:5 | Got a pair of brightly glowing gloves
 58648 | Depths:5 | Identified the cursed +0 pair of gloves "Waxiqi" {Dex+3 Stlth+} (You found it on level 5 of the Depths)
 58889 | Depths:3 | Fell from the grace of Okawaru
 58889 | Depths:3 | Became a worshipper of the Shining One
 59196 | Crypt:1  | Entered Level 1 of the Crypt
 59282 | Crypt:1  | Reached * piety under the Shining One
 59392 | Crypt:1  | Reached ** piety under the Shining One
 59441 | Crypt:1  | Reached XP level 25. HP: 231/231 MP: 38/38
 59466 | Crypt:1  | Noticed a greater mummy
 59470 | Crypt:1  | Noticed Khufu
 59477 | Crypt:1  | Noticed a greater mummy
 59478 | Crypt:1  | Killed a greater mummy
 59508 | Crypt:1  | Reached *** piety under the Shining One
 59917 | Crypt:1  | Noticed Margery
 59943 | Crypt:1  | Killed Margery
 59954 | Crypt:1  | HP: 7/232 [ancient champion/battleaxe of chopping (6)]
 59966 | Crypt:1  | Reached **** piety under the Shining One
 60166 | Crypt:1  | Reached ***** piety under the Shining One
 60314 | Crypt:1  | Killed a greater mummy
 60332 | Crypt:1  | Killed Khufu
 60332 | Crypt:1  | Reached skill level 26 in Maces & Flails
 60456 | Crypt:2  | Reached XP level 26. HP: 239/239 MP: 38/38
 60711 | Crypt:2  | Reached ****** piety under the Shining One
 60855 | Crypt:2  | Identified a +9 eveningstar of holy wrath (a +9 eveningstar of electrocution blessed by the Shining One)
 60855 | Crypt:2  | Received a gift from the Shining One
 61068 | Crypt:3  | Entered Level 3 of the Crypt
 61201 | Crypt:3  | Found a basalt altar of Yredelemnul.
 61202 | Crypt:3  | Noticed an ancient lich
 61202 | Crypt:3  | Noticed Sojobo
 61213 | Crypt:3  | Killed an ancient lich
 61388 | Crypt:3  | Found a staircase to the Tomb.
 61536 | Crypt:3  | Killed Sojobo
 61540 | Crypt:3  | Killed the ghostly Sojobo
 61883 | Crypt:3  | Identified the Collected Works on Supportive Contamination (You found it on level 3 of the Crypt)
 65767 | Crypt:3  | Reached XP level 27. HP: 248/248 MP: 39/39
 67018 | Crypt:3  | Noticed an ancient lich
 67023 | Crypt:3  | Killed an ancient lich
 72735 | Tomb:1   | Entered Level 1 of the Tomb of the Ancients
 73010 | Tomb:1   | Noticed a greater mummy
 73019 | Tomb:1   | Killed a greater mummy
 73044 | Tomb:1   | Reached skill level 10 in Invocations
 73345 | Tomb:2   | Noticed a greater mummy
 73346 | Tomb:2   | Noticed a greater mummy
 73347 | Tomb:2   | Noticed a greater mummy
 73350 | Tomb:2   | Noticed a greater mummy
 73350 | Tomb:2   | Noticed Mennas
 73541 | Tomb:2   | Killed a greater mummy
 73547 | Tomb:2   | Killed a greater mummy
 73562 | Tomb:2   | Killed a greater mummy
 73575 | Tomb:2   | Killed a greater mummy
 73585 | Tomb:2   | HP: 2/249 [Mennas/long sword of holy wrath (22)]
 73859 | Tomb:2   | Killed Mennas
 73871 | Tomb:2   | Was forgiven by Okawaru
 74503 | Tomb:2   | Reached skill level 27 in Maces & Flails
 74525 | Tomb:2   | HP: 2/249 [phantasmal warrior[a mummy priest] (11)]
 74526 | Tomb:2   | Mangled by a phantasmal warrior

Vault maps used:
D:1:      elethiomel_arrival_quiet, minmay_cut_off
D:2:      lemuel_coloured_pillars_altar, nemelex_xobeh_ov_fountains_minmay
D:3:      roderic_serpentine_path, fedhas_altar_2
D:4:      fiery_altar_vehumet, portal_sewer_entry_f, serial_shops,
          nicolae_shop_temple_entry_statues_fountains
D:5:      first_bread, minmay_misc_feat_cross
D:6:      minmay_temple_entry_grid, basic_altar
D:7:      lemuel_round_altar, st_stairs_13, uniq_joseph
D:8:      minmay_separated_statues
D:9:      hiddenorc2_lemuel
D:10:     dpeg_oklobed_lair
D:11:     serial_park, serial_park_square2, serial_shops,
          nicolae_shop_waterfront, uniq_josephine
D:12:     hangedman_pestilent_swarm
D:14:     hangedman_vaults_entry_quadrant_bands, basic_altar, minivault_26,
          uniq_agnes
D:15:     grunt_enter_depths_hoard, roderic_three_in_a_row, uniq_azrael
Temple:   nicolae_temple_elliptical
Lair:1:   serial_bayou_shore_a, serial_bayou_shore_b, lemuel_fruit_fields
Lair:2:   grunt_megastairs_4
Lair:3:   serial_bayou_shore_b
Lair:4:   minmay_shoals_entry_centaurs, dummy_spider_entry,
          portal_ice_cave_entry_imps, infiniplex_staircase_pool_2
Lair:5:   beast_lair_carwin_large_3
Lair:6:   dragon1_lemuel
Lair:7:   lab_entry_generic
Lair:8:   minmay_lair_end_enchanted_forest, slime_altar_2, fungi_pond_lemuel,
          serial_bayou_shore_b, grunt_megastairs_1
Shoals:1: nicolae_shoals_island_circles, nicolae_shoals_loop_pool
Shoals:2: uniq_nikola
Shoals:3: uniq_polyphemus
Shoals:4: shoals_end_simple, shoals_ilsuiw_alternative,
          nicolae_shoals_cliffside_cave
Spider:2: spider_trap
Spider:3: uniq_arachne
Spider:4: spider_rune_water, hangedman_spider_mandibles, spider_trap,
          nicolae_crawler_farm
Orc:1:    basic_altar
Orc:2:    pf_orc_diabolical, uniq_rupert, uniq_maurice
Elf:1:    eino_elf_arrival_the_gate, hangedman_elf_disciples, uniq_roxanne
Elf:2:    serial_shops, shop
Elf:3:    grunt_elf_hall_branching, serial_shops, shop, grunt_ministairs_1,
          basic_stair_grate_trap
Vaults:1: vaults_room_door_ring, v_pattern_5, nicolae_vaults_big_angled_halls,
          ontoclasm_vaults_pinch, nicolae_vaults_theta, hangedman_vaults_cutoff,
          hangedman_vaults_trim, v_misc_29, ontoclasm_vaults_tryst,
          ontoclasm_vaults_hangar, vaults_room_grunt_arrival_ludios,
          serial_shops, shop
Vaults:2: nicolae_vaults_branching_niches, v_misc_27, nicolae_vaults_asterisk,
          nicolae_vaults_three_branches, ontoclasm_vaults_chip,
          vaults_room_door_hall, vaults_mumra_hexcomb, grunt_vaults_focal,
          v_rooms_4, enter_trove_2
Vaults:3: hangedman_vaults_stream, vaults_dpeg_doors, ontoclasm_vaults_ligature,
          nicolae_vaults_an_arrangement, v_pattern_3, dpeg_vaults_monster_box,
          vaults_mumra_hex, v_misc_19, minmay_crypt_entry_vampire_xt,
          ontoclasm_vaults_ring_square, ontoclasm_vaults_fault, v_alt_pattern_6,
          vaults_room_grid, v_misc_12, nicolae_vaults_little_squares_3,
          serial_shops, nicolae_shop_behind_doors
Vaults:4: hangedman_vaults_nodes, vaults_room_grid, v_alt_pattern_6,
          vaults_mumra_minichess_inversion, nicolae_vaults_asterisk, v_misc_29,
          nicolae_vaults_little_squares_1, v_alt_pattern_1,
          grunt_vaults_diagonal, serial_shops, shop, uniq_xtahua, uniq_mara
Vaults:5: serial_shops
Crypt:1:  uniq_khufu, uniq_margery
Crypt:3:  cryptofortress_bobbens, uniq_sojobo
Tomb:2:   uniq_mennas
Depths:1: grunt_hell_entry_dis_old, abyss_entry, kennysheep_nub,
          lightli_gold_pyramid
Depths:2: hourglass_vault, enter_ziggurat_e, minmay_misc_feat_plants,
          hell_entry, minmay_misc_feat_more_columns,
          infiniplex_staircase_zigzag_2, grunt_megastairs_2, uniq_norris
Depths:3: minmay_textured_paths, hangedman_abyss_entry_splay,
          rand_demon_pan_entry_3, tso_altar, hell_entry, uniq_jorgrun
Depths:4: minmay_expanding_circles, abyss_entry, hell_entry,
          minmay_misc_feat_rows, serial_sigils_hangedman_shear, st_stairs_13,
          guppyfry_shop_earth, uniq_boris
Depths:5: grunt_crosshair, hell_entry, abyss_entry, corexii_corridor_pit,
          grunt_tough_drop
Lab:      nicolae_lab_dead_adventurers, labyrinth_lava_lair
Sewer:    sewer_kobolds
IceCv:    ice_cave_caverns_02

Skill      XL: |  1  2  3  4  5  6  7  8  9 10 11 12 13 14 15 16 17 18 19 20 21 22 23 24 25 26 27 |
---------------+----------------------------------------------------------------------------------+-----
Fighting       | 2 3 4 5 6 7 8 9 10 11 12 13 14 15 16 17 18 19 20 | 20.9
Armour         | 1 2 3 4 5 7 8 9 10 11 12 13 14 15 16 17 18 19 20 | 20.3
Dodging        | 3 4 5 6 7 8 10 11 12 13 14 15 16 17 18 | 18.5
Shields        | 1 2 3 5 6 8 9 10 11 12 13 14 15 16 17 18 19 | 19.3
Maces & Flails | 2 4 6 8 10 12 13 15 16 18 19 20 21 22 23 24 25 26 27 | 27.0
Invocations    | 3 5 6 7 9 10 | 10.7
Axes           | 3 |  3.8
Transmutations | 3 4 5 7 8 9 10 11 | 11.5
Spellcasting   | 2 4 5 6 7 8 9 |  9.9
Earth Magic    | 2 4 5 6 8 9 10 11 | 11.9
Stealth        | |  1.5
Necromancy     | |  2.9

Action                   |  1- 3 |  4- 6 |  7- 9 | 10-12 | 13-15 | 16-18 | 19-21 | 22-24 | 25-27 || total
-------------------------+-------+-------+-------+-------+-------+-------+-------+-------+-------++-------
Melee: Club              |   212 |   245 |       |       |       |       |       |       |       ||   457
       Unarmed           |     6 |       |       |       |       |       |       |       |       ||     6
       Morningstar       |       |    49 |   146 |   896 |   740 |       |       |       |       ||  1831
       Dire flail        |       |       |   240 |       |       |       |       |       |       ||   240
       Falchion          |       |       |    35 |       |       |       |       |       |       ||    35
       War axe           |       |       |       |       |   492 |   236 |       |    82 |   318 ||  1128
       Headbutt          |       |       |       |       |   143 |   310 |   352 |   477 |   347 ||  1629
       Eveningstar       |       |       |       |       |   501 |  1340 |  1421 |  1635 |   964 ||  5861
       Kick              |       |       |       |       |   136 |   424 |       |       |       ||   560
       Peck              |       |       |       |       |       |       |   203 |   189 |       ||   392
Invok: Heroism           |       |       |     3 |    22 |    19 |    20 |    20 |    16 |       ||   100
       Finesse           |       |       |       |       |     1 |     1 |     5 |     5 |       ||    12
       Cleansing Flame   |       |       |       |       |       |       |       |       |    46 ||    46
       Brand Weapon With |       |       |       |       |       |       |       |       |     1 ||     1
Evoke: Club              |       |       |     1 |     2 |     3 |    15 |     2 |     4 |    15 ||    42
       Hammer            |       |       |       |       |     2 |     5 |     2 |       |       ||     9
  Use: Scroll            |     8 |     3 |     6 |     9 |    12 |    23 |    17 |    22 |    14 ||   114
       Potion            |     1 |     5 |     3 |     9 |     3 |     9 |     3 |     8 |    18 ||    59
 Stab: Invisible         |       |       |       |     3 |       |     3 |       |       |       ||     6
       Paralysed         |       |       |       |     2 |       |       |       |       |       ||     2
       Distracted        |       |       |       |     1 |       |     2 |     2 |     1 |       ||     6
  Eat: Chunk             |     6 |     9 |    11 |    35 |    44 |    28 |    47 |    29 |       ||   209
       Royal jelly       |       |     1 |       |     1 |       |       |    11 |       |     1 ||    14
       Beef jerky        |       |       |     2 |       |     1 |     7 |     4 |     4 |     1 ||    19
       Bread ration      |       |       |     2 |       |       |       |       |       |       ||     2
       Meat ration       |       |       |     1 |       |       |       |       |     2 |    11 ||    14
       Pizza             |       |       |       |     1 |       |     6 |       |       |       ||     7
       Fruit             |       |       |       |       |       |       |    12 |    16 |     2 ||    30
Armor: Crystal plate arm |       |       |       |       |   575 |  1029 |   115 |       |       ||  1719
       Plate armour      |       |       |       |       |       |       |   439 |       |       ||   439
       Fire dragon armou |       |       |       |       |       |       |    25 |       |       ||    25
       Chain mail        |       |       |       |       |       |       |    23 |   511 |   440 ||   974
Dodge: Dodged            |       |       |       |       |   201 |   461 |   541 |   811 |   563 ||  2577
Block: Shield            |       |       |       |       |   544 |  1048 |   882 |  1108 |   931 ||  4513
       Reflected         |       |       |       |       |       |    64 |    93 |    75 |       ||   232
